 Dungeon Crawl Stone Soup version 0.28-a0-779-g3d1f99b579 (webtiles) character file.

Game seed: 11723129535579778030

776 jasper the Cleaver (level 7, -1/54 HPs)
             Began as a Demonspawn Cinder Acolyte on Nov 2, 2021.
             Was a Follower of Ignis.
             Slain by an orc warrior (15 damage)
             ... on level 6 of the Dungeon.
             The game lasted 00:08:30 (5473 turns).

jasper the Cleaver (Demonspawn Cinder Acolyte)      Turns: 5473, Time: 00:08:31

Health: -1/54      AC:  7    Str: 14    XL:     7   Next: 54%
Magic:  8/8        EV: 10    Int: 17    God:    Ignis [*.....]
Gold:   275        SH:  0    Dex:  9    Spells: 5/8 levels left

rFire   + . .      SeeInvis .   o - +0 war axe
rCold   . . .      Faith    .   (no shield)
rNeg    . . .      Spirit   .   j - +0 ring mail {rPois}
rPois   +          Reflect  .   (no helmet)
rElec   .          Harm     .   (no cloak)
rCorr   .          Rampage  .   (no gloves)
Will    .....                   (no boots)
Stlth   ..........              (no amulet)
HPRegen 0.18/turn               (no ring)
MPRegen 0.11/turn               (no ring)

@: no status effects
A: rugged brown scales 2, spiny 1
a: Renounce Religion, Sea of Fire, Foxfire Swarm


You were on level 6 of the Dungeon.
You worshipped Ignis.
Ignis was aware of your devotion.
You visited 1 branch of the dungeon, and saw 6 of its levels.

You collected 275 gold pieces.

Inventory:

Hand Weapons
 a - a -1 hand axe of flaming
 d - a +0 hunting sling
 i - a +0 hunting sling
 o - a +0 war axe (weapon)
Missiles
 g - 95 stones (quivered)
 m - 74 sling bullets
Armour
 b - a +0 robe
 c - a +1 tower shield of positive energy
 j - a +0 ring mail of poison resistance (worn)
Jewellery
 e - a ring of ice
Wands
 s - a wand of mindburst (15)
Scrolls
 k - 3 scrolls of summoning
 r - 3 scrolls of teleportation
 u - a scroll of immolation
Potions
 f - a potion of brilliance
 h - a potion of curing
 l - a potion of berserk rage
 n - 2 potions of haste {unknown}
 p - 2 potions of mutation
 q - a potion of ambrosia {unknown}
 t - 2 potions of lignification {unknown}


   Skills:
 - Level 3.0 Fighting
 + Level 8.2 Axes
 - Level 1.0 Spellcasting
 - Level 2.6 Fire Magic


You had 5 spell levels left.
You knew the following spells:

 Your Spells              Type           Power      Damage    Failure   Level
a - Mephitic Cloud        Conj/Pois/Air  0%         N/A       78%         3

Your spell library contained the following spells:

 Spells                   Type           Power      Damage    Failure   Level
 Scorch                   Fire           18%        2d6       22%         2
 Freeze                   Ice            0%         1d3       41%         1
 Magic Dart               Conj           0%         1d3       41%         1
 Call Imp                 Summ           0%         N/A       54%         2
 Frozen Ramparts          Ice            0%         1d2       78%         3
 Hailstorm                Conj/Ice       0%         3d3       99%         4


Dungeon Overview and Level Annotations

Branches:
Dungeon (6/15)
 Temple: D:4-7

Altars:

Annotations:
D:5 1 runed translucent door, Crazy Yiuf


Innate Abilities, Weirdness & Mutations

You are mostly covered in rugged brown scales. (AC +2, +5% HP)
You are partially covered in sharp spines.


Message History

You slash the orc!
You kill the orc!
You see here a +0 dagger.
The orc warrior shouts!
Your ring mail prevents you from hitting the orc.
The orc is struck by your spines. The orc closely misses you.
You hit the orc.
The orc is moderately wounded.
The orc is struck by your spines. The orc hits you with a +0 whip.
You take 1 damage, and have 53/54 hp.
You barely miss the orc.
The orc is severely wounded.
The orc barely misses you.
You hit the orc.
You kill the orc!
You closely miss the orc warrior.
The orc warrior hits you with a +0 mace.
You take 6 damage, and have 47/54 hp.
You slash the orc warrior!
The orc warrior is moderately wounded.
The orc warrior is struck by your spines.
The orc warrior hits you with a +0 mace!
You take 7 damage, and have 40/54 hp.
You barely miss the orc warrior.
The orc warrior is heavily wounded.
The orc warrior hits you with a +0 mace!
You take 16 damage, and have 24/54 hp.
MASSIVE DAMAGE!!
Aiming: Mindburst
Press: ? - help, Shift-Dir - straight line, f - orc warrior
Aim: an orc warrior, wielding a +0 mace and wearing a +0 plate armour (heavily wounded, chance to affect: 65%)
The orc warrior's mind is blasted!
The orc warrior hits you with a +0 mace!
* * * LOW HITPOINT WARNING * * *
You take 10 damage, and have 14/54 hp.
Aiming: Mindburst
Press: ? - help, Shift-Dir - straight line, f/p - orc warrior
Aim: an orc warrior, wielding a +0 mace and wearing a +0 plate armour (almost dead, chance to affect: 65%)
The orc warrior struggles to resist.
The orc warrior hits you with a +0 mace!
You die...

...#####.#.#.....# #.#
##.## ##.>......#####.#
#...# ##...##......[..
#...# #.......#####.# #
#...# #....#..# #.####.#
#...# #..#.#..#####......#
#...# #..#.#.)##.......#
#...######.......##...<...#
................@o#.......#
..........#.####...)......#
............# #..#.......#
#...######.## #..#.......#
#...# .# #..#.......# #...#
#.# #..######### #...# ..
...# #...# ## #.### #.


You could see an orc warrior.

Vanquished Creatures
  Grinder (D:5)
  A phantom (D:4)
  A scorpion (D:4)
  A water moccasin zombie (D:5)
  A wyvern skeleton (D:5)
  3 hounds
  2 orc wizards (D:5)
  4 gnolls (D:2)
  6 adders
  An adder skeleton (D:4)
  A worm (D:2)
  2 dart slugs
  12 orcs
  6 bats
  9 endoplasms
  6 giant cockroaches
  4 goblins
  7 hobgoblins
  3 jackals (D:2)
  8 kobolds
  2 quokkas (D:1)
  11 ball pythons
  A frilled lizard (D:1)
  3 rats (D:1)
96 creatures vanquished.

Vanquished Creatures (collateral kills)
  3 foxfires (D:1)
3 creatures vanquished.

Vanquished Creatures (others)
  95 foxfires
95 creatures vanquished.

Grand Total: 194 creatures vanquished

Notes
Turn   | Place    | Note
-------+----------+-------------------------------------------
     0 | D:1      | jasper the Demonspawn Cinder Acolyte began the quest for
                  | the Orb.
     0 | D:1      | Reached XP level 1. HP: 18/18 MP: 2/2
   298 | D:1      | Reached skill level 3 in Axes
   328 | D:1      | Gained mutation: You are partially covered in rugged brown
                  | scales. (AC +1, +3% HP) [demonic ancestry]
   328 | D:1      | Reached XP level 2. HP: 17/24 MP: 3/3
   941 | D:1      | Reached XP level 3. HP: 29/29 MP: 4/4
  1092 | D:2      | Reached skill level 4 in Axes
  1523 | D:2      | Reached XP level 4. HP: 34/36 MP: 5/5
  1641 | D:2      | You fall into a shaft and drop 2 floors!
  1749 | D:4      | Noticed a scorpion
  1763 | D:4      | Killed a scorpion
  1764 | D:4      | Reached skill level 5 in Axes
  1764 | D:4      | Gained mutation: You are mostly covered in rugged brown
                  | scales. (AC +2, +5% HP) [demonic ancestry]
  1764 | D:4      | Reached XP level 5. HP: 36/43 MP: 6/6
  3354 | D:4      | Noticed a phantom
  3359 | D:4      | Killed a phantom
  3360 | D:4      | Reached skill level 6 in Axes
  3360 | D:4      | Gained mutation: You are partially covered in sharp spines.
                  | [demonic ancestry]
  3360 | D:4      | Reached XP level 6. HP: 49/49 MP: 7/7
  3850 | D:4      | Learned a level 3 spell: Mephitic Cloud
  4035 | D:5      | Entered Level 5 of the Dungeon
  4148 | D:5      | Noticed Grinder
  4155 | D:5      | Paralysed by Grinder for 4 turns
  4161 | D:5      | Killed Grinder
  4162 | D:5      | Reached skill level 7 in Axes
  4162 | D:5      | Reached XP level 7. HP: 28/54 MP: 8/8
  4603 | D:5      | Found a runed translucent door.
  4604 | D:5      | Noticed Crazy Yiuf
  4705 | D:5      | Reached skill level 8 in Axes
  5473 | D:6      | Slain by an orc warrior

Illustrated notes

Levels and vault maps discovered:
D:1:      tarquinn_simple_flora_water_a, layout_rooms, minmay_hexomino_f4
D:2:      layout_basic, serial_aquarium, aquarium_bridge_square
          [aquarium_subvault_wall, aquarium_subvault_wall,
          aquarium_subvault_window, aquarium_subvault_bridge],
          aquarium_window_corner, aquarium_window_1, aquarium_view_2g
D:3:      layout_basic, uniq_robin, uniq_ijyb
D:4:      layout_loops_ring, minmay_misc_feat_roman, dk_noncrumbling_2,
          st_stairs_2, minmay_misc_feat_diagonals, corexii_hall_statues_u
D:5:      layout_loops_corners, uniq_grinder, uniq_crazy_yiuf_cottage
D:6:      layout_loops_cross, marbit_many_paths, minmay_temple_entry_glass,
          enter_ossuary_2

Skill      XL: |  1  2  3  4  5  6  7 |
---------------+----------------------+-----
Axes           | 3 4 5 6 7 8 |  8.2
Fighting       | |  3.0
Spellcasting   | |  1.0
Fire Magic     | |  2.6

Action                   |  1- 3 |  4- 6 |  7- 9 || total
-------------------------+-------+-------+-------++-------
Melee: Hand axe          |    75 |   107 |     4 ||   186
       War axe           |       |       |    32 ||    32
 Fire: Hunting sling     |    30 |    58 |     4 ||    92
Throw: Stone             |     9 |    34 |       ||    43
Invok: Foxfire Swarm     |     2 |     5 |       ||     7
       Rising Flame      |       |     1 |       ||     1
Evoke: Wand              |       |       |     2 ||     2
  Use: Scroll            |     2 |     3 |     1 ||     6
       Potion            |       |     3 |       ||     3
Armor: Robe              |    30 |     1 |       ||    31
       Ring mail         |       |    36 |    10 ||    46
Dodge: Dodged            |    65 |    77 |    10 ||   152

Table legend: (Time is in decaauts)
 A = Elapsed time spent in this place.
 B = Non-inter-level travel time spent in this place.
 C = Inter-level travel time spent in this place.
 D = Time resting spent in this place.
 E = Time spent auto-exploring this place.
 F = Levels seen in this place.
 G = Mean time per level.
                   A        B        C        D        E       F      G
               +--------+--------+--------+--------+--------+-----+--------+
         Total |   5498 |   5289 |    209 |    860 |   3481 |   6 |  916.3 |
       Dungeon |   5498 |   5289 |    209 |    860 |   3481 |   6 |  916.3 |
               +--------+--------+--------+--------+--------+-----+--------+

Top non-repeatable levels by time:
     D:2: 1494 daAuts
     D:5: 1352 daAuts
     D:1: 1153 daAuts
     D:4: 1032 daAuts
     D:3: 380 daAuts
     D:6: 84 daAuts
